 Dungeon Crawl Stone Soup version 0.17.0-18-gaab0e96 (console) character file.

46 gw the Twirler (level 3, -2/30 HPs)
             Began as a Draconian Gladiator on Nov 12, 2015.
             Slain by an iguana (8 damage)
             ... on level 2 of the Dungeon.
             The game lasted 00:01:30 (2450 turns).

gw the Twirler (Draconian Gladiator)                Turns: 2450, Time: 00:01:30

Health: -2/30      AC:  5    Str: 17    XL:     3   Next: 46%
Magic:  3/3        EV: 13    Int:  8    God:
Gold:   77         SH:  0    Dex: 12    Spells: 0 memorised, 2 levels left

rFire  . . .     SeeInvis .     a - +0 quarterstaff
rCold  . . .     Clarity  .     (armour unavailable)
rNeg   . . .     SustAt   .     (shield currently unavailable)
rPois  .         Gourm    .     b - +0 hat
rElec  .         Spirit   .     (no cloak)
rCorr  .         Warding  .     (no gloves)
rMut   .         Stasis   .     (no boots)
MR     .....                    (no amulet)
Stlth  +.........               (no ring)
                                (no ring)

@: not resistant to hostile enchantments, very unstealthy
A: unfitting armour, cold-blooded, AC +5
a: no special abilities


You were on level 2 of the Dungeon.
You were near starving.

You visited 1 branch of the dungeon, and saw 2 of its levels.

You collected 77 gold pieces.

Inventory:

Hand Weapons
 a - a +0 quarterstaff (weapon)
Missiles
 c - 3 throwing nets
 e - 11 stones (quivered)
Armour
 b - a +0 hat (worn)
Comestibles
 d - 2 bread rations


   Skills:
 + Level 2.4 Fighting
 * Level 3.8 Staves
 + Level 2.0 Throwing
 + Level 3.2 Dodging


You had 2 spell levels left.
You didn't know any spells.

Dungeon Overview and Level Annotations

Branches:
Dungeon (2/15)

Altars:
Ashenzari


Innate Abilities, Weirdness & Mutations

Your plain brown scales are hard (AC +5).
Your body does not fit into most forms of armour.
You are cold-blooded and may be slowed by cold attacks.


Message History

Unknown command.
MOVING TO (4,0) Unknown command.
Unknown command.
Unknown command.
MOVING TO (3,0) Unknown command.
Unknown command.
Unknown command.
MOVING TO (2,0) Unknown command.
Unknown command.
Unknown command.
MOVING TO (1,0) Unknown command.
Unknown command.
Unknown command.
MOVING TO (-7,2)
The iguana bites you!
You die...

##########...##.....'...#
.........#...#......###.#
######.###.###......# #.# #
#.###.#####....###.#
######.....#....#+#.....#
((...........)....#.#####
#######...........#.#
#.........l.#.#
#.........d##.#
#######..........##.#
........####.######.#
######### #.# #.##### #.#
#.....#
############.##########.#
...........#........# #.#
##########.########.###.####
#......# #..........#


You could see an iguana.

Table legend:
 A = Turns spent in this place as a percentage of turns spent in the entire game.
 B = Non-inter-level travel turns spent in this place as a percentage of non-inter-level travel turns spent in the entire game.
 C = Inter-level travel turns spent in this place as a percentage of turns spent in this place.
 D = Turns resting spent in this place as a percentage of non-inter-level travel turns spent in this place.
 E = Turns spent auto-exploring this place as a percentage of non-inter-level travel turns spent in this place.
 F = Non-inter-level travel turns spent in this place divided by the number of levels of this place that you've seen.
                   A       B       C       D       E      F
               +-------+-------+-------+-------+-------+----------------------
         Total | 100.0 | 100.0 |   0.5 |   1.0 |   2.9 | 1057.0
       Dungeon | 100.0 | 100.0 |   0.5 |   1.0 |   2.9 | 1057.0
               +-------+-------+-------+-------+-------+----------------------

Table legend:
 A = Kills in this place as a percentage of kills in entire the game.
 B = Kills by you in this place as a percentage of kills by you in the entire game.
 C = Kills by friends in this place as a percentage of kills by friends in the entire game.
 D = Other kills in this place as a percentage of other kills in the entire game.
 E = Experience gained in this place as a percentage of experience gained in the entire game.
 F = Experience gained in this place divided by the number of levels of this place that you have seen.
                   A       B       C       D       E      F
               +-------+-------+-------+-------+-------+----------------------
         Total | 100.0 | 100.0 |  -nan |  -nan | 100.0 |  33.5
       Dungeon | 100.0 | 100.0 |  -nan |  -nan | 100.0 |  33.5
               +-------+-------+-------+-------+-------+----------------------

Vanquished Creatures
  2 adders (D:2)
  An ooze (D:2)
  A hobgoblin (D:2)
  3 jackals (D:1)
  4 kobolds (D:1)
  A quokka (D:2)
  3 ball pythons (D:1)
  5 bats
  A giant newt (D:1)
  4 goblins (D:1)
  A rat (D:1)
26 creatures vanquished.

Notes
Turn   | Place    | Note
--------------------------------------------------------------
     0 | D:1      | gw the Draconian Gladiator began the quest for the Orb.
     0 | D:1      | Reached XP level 1. HP: 17/17 MP: 1/1
   348 | D:1      | Found a shattered altar of Ashenzari.
   365 | D:1      | Reached XP level 2. HP: 18/24 MP: 2/2
  1853 | D:2      | Reached XP level 3. HP: 18/30 MP: 3/3
  2450 | D:2      | Slain by an iguana

Action                   || total
-------------------------++-------
Melee: Quarterstaff      ||    80
Throw: Stone             ||    63
  Eat: Chunk             ||     3

Vault maps used:
D:1:      lemuel_arrival_lava_pool, minivault_5, evilmike_ruin_ashenzari
D:2:      first_bread
